 Dungeon Crawl Stone Soup version 0.27.1-1-g398f81649c (webtiles) character file.

Game seed: 11772978122137436103

21 MajorAdolf the Sneak (level 2, -4/25 HPs)
             Began as a Naga Wanderer on Sept 8, 2021.
             Killed by nerve-wracking pain
             ... invoked by Jessica
              (12 damage)
             ... on level 2 of the Dungeon.
             The game lasted 00:05:05 (1740 turns).

MajorAdolf the Sneak (Naga Wanderer)                Turns: 1740, Time: 00:05:06

Health: -4/25      AC:  1    Str: 11    XL:     2   Next: 83%
Magic:  5/5        EV:  6    Int: 16    God:
Gold:   90         SH:  6    Dex:  9    Spells: 5/5 levels left

rFire    . . .     SeeInvis +   a - +0 dagger
rCold    . . .     Faith    .   h - +0 kite shield
rNeg     . . .     Spirit   .   d - +0 robe
rPois    +         Reflect  .   (no helmet)
rElec    .         Harm     .   (no cloak)
rCorr    .         Rampage  .   (no gloves)
Will     .....                  (no barding)
Stlth    ++........             (no amulet)
HPRegen  0.08/turn              (no ring)
MPRegen  0.09/turn              (no ring)

@: very slow
A: AC +0, large, see invisible, deformed body, poison resistance, slowness 2,
spit poison 1, naga tail 1
a: Spit Poison


You were on level 2 of the Dungeon.
You visited 1 branch of the dungeon, and saw 2 of its levels.

You collected 90 gold pieces.

Inventory:

Hand Weapons
 a - a +0 dagger (weapon)
Missiles
 b - 10 poisoned darts
Armour
 d - a +0 robe (worn)
 h - a +0 kite shield (worn)
Scrolls
 e - a scroll of teleportation {unknown}
Potions
 c - a potion of lignification
 f - a potion of curing {unknown}
 g - a potion of heal wounds {unknown}
 i - a potion of attraction {unknown}


   Skills:
 + Level 1.4 Fighting
 - Level 1.7 Throwing
 + Level 2.5 Stealth
 + Level 0.1 Shields
 - Level 2.0 Spellcasting
 - Level 2.0 Necromancy
 - Level 1.0 Translocations
 - Level 1.0 Fire Magic
 - Level 2.0 Ice Magic


You had 5 spell levels left.
You didn't know any spells.
Your spell library contained the following spells:

 Spells                   Type           Power      Damage    Failure   Level
 Blink                    Tloc           N/A        N/A       80%         2
 Gell's Gravitas          Tloc           2%         N/A       95%         3
 Lesser Beckoning         Tloc           2%         N/A       95%         3
 Teleport Other           Tloc           4%         N/A       95%         3
 Petrify                  Tmut/Erth      1%         N/A       100%        4
 Manifold Assault         Tloc           4%         N/A       100%        5
 Metabolic Englaciation   Hex/Ice        2%         N/A       100%        5
 Statue Form              Tmut/Erth      0%         N/A       100%        6


Dungeon Overview and Level Annotations

Branches:
Dungeon (2/15)

Altars:

Annotations:
D:2 Jessica


Innate Abilities, Weirdness & Mutations

Your serpentine skin is tough. (AC +0)
You have supernaturally acute eyesight. (SInv)
Armour fits poorly on your strangely shaped body.
Your system is resistant to poisons. (rPois)
You cover ground very slowly.
You can spit poison.
You have a snake-like lower body.


Message History

Jessica the Apprentice Sorceress comes into view.
She is wielding a +0 club.
Jessica mumbles something strange.
Jessica casts a spell.
Jessica blinks!
Jessica moves out of view.
Found an escape hatch in the floor.
Found 13 gold pieces.
A ball python comes into view.
Press: ? - help, Shift-Dir - straight line, f - ball python
Aim: a ball python (asleep)
The splash of poison hits the ball python.
The ball python is severely wounded.
Unknown command.
A ball python is nearby!
An endoplasm comes into view.
You barely miss the ball python.
The ball python is severely wounded.
The ball python bites you. You block the ball python's attack.
You barely miss the ball python.
The ball python is severely wounded.
You have got your breath back.
The endoplasm quivers.
Jessica casts a spell.
Jessica seems to speed up.
The ball python bites you.
Unknown command.
The ball python bites you. You block the ball python's attack.
Jessica hits you with a +0 club. Jessica barely misses you.
Jessica hits you with a +0 club. You block the ball python's attack.
Okay, then.
You block the ball python's attack. The ball python closely misses you.
The ball python bites you.
Jessica gestures wildly while chanting.
Jessica blinks!
You block the ball python's attack. The ball python bites you.
Jessica mumbles something strange.
Jessica gestures at you while chanting. Pain shoots through your body!
You die...

##########
#........#
###JS.@..<.#
#..........#
#@#...######
#.#.###
##J#.#
#..#.#
#.##.##
###.....##
#.@.$....#


You could see Jessica (fast), an endoplasm and a ball python.

Vanquished Creatures
  A dart slug (D:2)
  3 endoplasms (D:1)
  A goblin (D:2)
  A hobgoblin (D:2)
  2 jackals (D:1)
  2 ball pythons (D:1)
  A bat (D:2)
  2 frilled lizards (D:1)
  2 kobolds (D:2)
  3 rats (D:1)
18 creatures vanquished.

Notes
Turn   | Place    | Note
-------+----------+-------------------------------------------
     0 | D:1      | MajorAdolf the Naga Wanderer began the quest for the Orb.
     0 | D:1      | MajorAdolf set off with the following items: a +0 dagger,
                  | 10 poisoned darts, a potion of lignification, a +0 robe;
                  | and the following spells available to memorise: Blink,
                  | Gell's Gravitas, Lesser Beckoning, Teleport Other, Manifold
                  | Assault
     0 | D:1      | Reached XP level 1. HP: 15/15 MP: 3/3
   329 | D:1      | Reached skill level 1 in Stealth
   459 | D:2      | Found Cauwnick's Antique Weapon Emporium.
   482 | D:2      | Reached skill level 1 in Fighting
   482 | D:2      | Reached XP level 2. HP: 20/25 MP: 5/5
  1717 | D:2      | Noticed Jessica
  1740 | D:2      | Killed from afar by Jessica

Illustrated notes

Levels and vault maps discovered:
D:1:      onia_arrival_handbag, layout_loops_ring, minmay_misc_feat_columns
D:2:      layout_rooms, serial_shops, shop, nicolae_shop_statue_plus, shop,
          shop, dk_vineyard_1, minmay_heptomino_o4, uniq_jessica

Skill      XL: |  1  2 |
---------------+-------+-----
Stealth        | 1 2 |  2.5
Fighting       | 1 |  1.4
Throwing       | |  1.7
Shields        | |  0.1
Spellcasting   | |  2.0
Necromancy     | |  2.0
Translocations | |  1.0
Fire Magic     | |  1.0
Ice Magic      | |  2.0

Action                   || total
-------------------------++-------
Melee: Dagger            ||    17
Throw: Dart              ||     1
 Abil: Spit Poison       ||    25
Armor: Robe              ||     3
Dodge: Dodged            ||    12
Block: Kite shield       ||     5
